Map: Abyssal Reef LE

Players

ArchangeL - Winner!

  • Race: Terran Terran
  • League: Grandmaster
  • Spawn Location: 5:00

Railgan

  • Race: Zerg Zerg
  • League: Grandmaster
  • Spawn Location: 11:00

VOD

Have the link to the VOD?

Description

Time

  • Played on: March 15, 2017, 3:08 p.m.
  • Length: 6:59
Show
View Real Time Build Order
Export as new Build Order

ArchangeL Terran - Winner!

Build Orders: Reaper Expand 

Get SALT Encoding   

  12  0:00  SCV  
  13  0:12  SCV  
  14  0:17  Supply Depot  
  14  0:24  SCV  
  15  0:29  Refinery  
  15  0:38  SCV  
  16  0:44  Barracks  
  16  0:50  SCV  
  17  1:03  SCV  
  18  1:15  SCV  
  19  1:31  Reaper, Orbital Command  
  20  1:46  Command Center  
  20  2:01  Factory  
  20  2:02  SCV  
  20  2:06  Barracks Reactor  
  21  2:12  Supply Depot  
  21  2:16  SCV  
  21  2:22  Refinery  
  22  2:28  SCV  
  23  2:40  SCV  
  24  2:51  Starport  
  24  2:52  SCV  
  24  2:56  Barracks Tech Lab  
  29  3:03  Orbital Command  
  24  3:13  SCV  
  24  3:15  Bunker  
  24  3:19  Siege Tank  
  28  3:26  Marine x2  
  30  3:29  Starport Tech Lab  
  30  3:30  SCV x2  
  31  3:41  Bunker  
  31  3:44  Marine x2  
  31  3:47  Banshee  
  35  3:57  Orbital Command  
  35  4:02  Marine x2, Siege Tank  
  40  4:06  SCV  
  41  4:18  SCV  
  41  4:19  Marine  
  41  4:20  Supply Depot  
  41  4:21  Supply Depot  
  43  4:25  Cloaking Field  
  43  4:42  Marine  
  43  4:43  Marine  
  43  4:44  Banshee  
  48  4:54  SCV  
  48  4:55  SCV  
  50  5:03  Marine x2  
  50  5:07  SCV  
  53  5:15  Supply Depot  
  53  5:16  Supply Depot  
  53  5:26  Orbital Command  
  53  5:36  Banshee  
  53  5:37  Siege Tank  
  53  5:38  SCV  
  53  5:41  Marine x2  
  62  5:48  Supply Depot  
  62  5:50  SCV  
  62  5:51  Supply Depot  
  62  5:52  Supply Depot  
  62  5:53  SCV  
  64  6:02  SCV  
  65  6:05  SCV  
  66  6:18  SCV x2  
  68  6:19  Marine x2  
  68  6:20  Siege Tank  
  76  6:30  SCV x2  
  78  6:36  Marine  
  78  6:37  Marine, Barracks  
  78  6:38  Barracks  
  80  6:42  SCV  
  80  6:43  SCV  
  82  6:48  Engineering Bay  
Show
View Real Time Build Order
Export as new Build Order

Railgan Zerg 

Build Orders: Pool First 

Get SALT Encoding   

  12  0:01  Drone  
  13  0:12  Overlord  
  13  0:17  Drone  
  14  0:30  Drone x2  
  14  0:33  Extractor  
  15  0:37  Drone  
  16  0:49  Spawning Pool  
  15  0:51  Drone  
  15  0:56  Drone  
  17  1:07  Drone  
  18  1:25  Hatchery  
  17  1:28  Drone  
  18  1:33  Drone  
  18  1:39  Zergling x2  
  20  1:45  Queen  
  22  1:53  Metabolic Boost  
  22  2:05  Roach Warren  
  22  2:06  Drone  
  22  2:13  Overlord  
  22  2:20  Overlord  
  22  2:46  Roach  
  22  2:47  Roach x3  
  22  2:50  Roach  
  31  2:55  Roach  
  31  2:56  Roach  
  35  3:02  Zergling x4  
  37  3:10  Zergling x4  
  39  3:15  Overlord  
  39  3:21  Zergling x2  
  39  3:22  Ravager  
  41  3:28  Zergling x2  
  41  3:33  Zergling x4  
  44  3:37  Ravager  
  44  3:40  Zergling x4  
  47  3:42  Zergling x2  
  47  3:47  Zergling x2  
  49  3:50  Zergling x2  
  49  3:55  Zergling x2  
  51  4:01  Drone x3  
  50  4:06  Ravager  
  51  4:14  Drone  
  51  4:16  Overlord  
  52  4:34  Queen  
  54  4:49  Drone x6  
  54  4:52  Lair  
  60  4:59  Overlord  
  60  5:02  Overlord  
  60  5:09  Overlord  
  60  5:10  Evolution Chamber  
  59  5:15  Drone  
  59  5:19  Drone x2  
  59  5:21  Drone x2  
  64  5:23  Drone  
  64  5:25  Drone  
  64  5:27  Drone  
  67  5:34  Drone  
  68  5:38  Drone  
  68  5:42  Extractor  
  68  5:43  Extractor  
  68  5:47  Drone x2  
  68  5:48  Drone x2  
  71  5:53  Extractor, Overseer  
  71  5:54  Overlord  
  70  6:03  Queen  
  70  6:04  Queen  
  66  6:12  Overseer  
  58  6:32  Spore Crawler  
  50  6:36  Drone x3  
  52  6:54  Spore Crawler  
Tags
 
Add a new tag
Caveats
  • Supply blocks, unpowered buildings, or Contaminate may cause inaccurate times.
  • Supply counts are checked every 10 seconds.